| TOP OF THE 1ST |
|
Oklahoma City Dodgers batting - Pitching for Lehigh Valley IronPigs : RHP Wally Hoover
|
|
Pitching: RHP Wally Hoover
|
|
|
Batting: RHB Nate Taylor
|
0-0: Called Strike 0-1: Called Strike 0-2: Ball 1-2: SINGLE (Groundball, 6MD, EV 101.3 MPH)
|
|
Batting: LHB Alex Ramos
|
0-0: Called Strike 0-1: Ball Nate Taylor steals 2nd base 1-1: Foul Ball, location: 2F 1-2: Fly out, F9 (Line Drive, 9D, EV 88.8 MPH) Runner from 2nd tags up, SAFE at 3rd, no throw by RF
|
|
Batting: LHB James Betron
|
0-0: Swinging Strike 0-1: Ground out 4-3 (Groundball, 4MD, EV 91.9 MPH) Nate Taylor scores
|
|
Batting: RHB John Manocchio
|
0-0: Ball 1-0: Called Strike 1-1: Ball 2-1: Foul Ball, location: 2F 2-2: Foul Ball, location: 2F 2-2: Ground out 4-3 (Groundball, 4, EV 91.9 MPH)
|
| Top of the 1st over - 1 run, 1 hit, 0 errors, 0 left on base; Oklahoma City 1 - Lehigh Valley 0 |
| BOTTOM OF THE 1ST |
|
Lehigh Valley IronPigs batting - Pitching for Oklahoma City Dodgers : LHP Joel Beery
|
|
Pitching: LHP Joel Beery
|
|
|
Batting: RHB Nick Beggs
|
0-0: Ball 1-0: Swinging Strike 1-1: Swinging Strike 1-2: Foul Ball, location: 2F 1-2: Strikes out swinging
|
|
Batting: RHB Matt Sanders
|
0-0: Ground out 6-3 (Groundball, 6, EV 101.9 MPH)
|
|
Batting: LHB Ryan Trombley
|
0-0: Called Strike 0-1: Ball 1-1: Ground out 6-3 (Groundball, 56D, EV 98.8 MPH)
|
| Bottom of the 1st over - 0 runs, 0 hits, 0 errors, 0 left on base; Oklahoma City 1 - Lehigh Valley 0 |
| TOP OF THE 2ND |
|
Oklahoma City Dodgers batting - Pitching for Lehigh Valley IronPigs : RHP Wally Hoover
|
|
Batting: RHB John Hazen
|
0-0: Ball 1-0: Fly out, F3 (Popup, 3F, EV 68.1 MPH)
|
|
Batting: RHB Justin Anastasio
|
0-0: Ground out U3 (Groundball, 23, EV 78.8 MPH)
|
|
Batting: RHB Armando Galindo
|
0-0: Foul Ball, location: 2F 0-1: Fly out, F8 (Flyball, 78XD, EV 91.3 MPH)
|
| Top of the 2nd over - 0 runs, 0 hits, 0 errors, 0 left on base; Oklahoma City 1 - Lehigh Valley 0 |
| BOTTOM OF THE 2ND |
|
Lehigh Valley IronPigs batting - Pitching for Oklahoma City Dodgers : LHP Joel Beery
|
|
Batting: RHB Josh Hensley
|
0-0: Ball 1-0: Swinging Strike 1-1: SINGLE (Groundball, 4D, EV 95.6 MPH)
|
|
Batting: RHB Chris Pounds
|
0-0: Foul Ball, location: 2F 0-1: Foul Ball, location: 2F 0-2: Ball 1-2: Fly out, F8 (Line Drive, 8LM, EV 88.8 MPH)
|
|
Batting: RHB Dan Grable
|
0-0: Called Strike 0-1: Swinging Strike 0-2: Strikes out swinging
|
|
Batting: SHB Cesar Arteaga
|
0-0: Ball 1-0: Ball 2-0: Swinging Strike 2-1: Ball 3-1: Base on Balls Josh Hensley to second
|
|
Batting: LHB Tyler Allen
|
0-0: Ball 1-0: Called Strike 1-1: Foul Ball, location: 2F 1-2: Foul Ball, location: 2F 1-2: Ball 2-2: Foul Ball, location: 2F 2-2: Foul Ball, location: 2F 2-2: 3-RUN HOME RUN (Flyball, 7LD, EV 95.6 MPH), Distance : 362 ft
|
|
Batting: RHB Aaron Burress
|
0-0: Called Strike 0-1: Fly out, F9 (Flyball, 9D, EV 101.9 MPH)
|
| Bottom of the 2nd over - 3 runs, 2 hits, 0 errors, 0 left on base; Oklahoma City 1 - Lehigh Valley 3 |
| TOP OF THE 3RD |
|
Oklahoma City Dodgers batting - Pitching for Lehigh Valley IronPigs : RHP Wally Hoover
|
|
Batting: RHB Tim Adams
|
0-0: Called Strike 0-1: Ball 1-1: Fly out, F9 (Flyball, 9, EV 83.8 MPH)
|
|
Batting: RHB Matt Robert
|
0-0: Called Strike 0-1: Swinging Strike 0-2: Strikes out swinging
|
|
Batting: RHB Nate Taylor
|
0-0: Ball 1-0: Swinging Strike 1-1: Ball 2-1: SINGLE (Groundball, 6, EV 95.6 MPH)
|
|
Batting: LHB Alex Ramos
|
0-0: Called Strike 0-1: Ball Nate Taylor steals 2nd, throwing error, E2 Nate Taylor to third 1-1: Foul Ball, location: 2F 1-2: DOUBLE (Line Drive, 78D, EV 106.9 MPH) Nate Taylor scores
|
|
Batting: LHB James Betron
|
0-0: Ball 1-0: Ball 2-0: Ground out 4-3 (Groundball, 4, EV 91.9 MPH)
|
| Top of the 3rd over - 1 run, 2 hits, 1 error, 1 left on base; Oklahoma City 2 - Lehigh Valley 3 |
| BOTTOM OF THE 3RD |
|
Lehigh Valley IronPigs batting - Pitching for Oklahoma City Dodgers : LHP Joel Beery
|
|
Batting: RHB Nick Beggs
|
0-0: Bunted foul 0-1: Called Strike 0-2: Ground out 5-3 (Groundball, 56, EV 81.9 MPH)
|
|
Batting: RHB Matt Sanders
|
0-0: Ball 1-0: Swinging Strike 1-1: Ball 2-1: Called Strike 2-2: Ground out 5-3 (Groundball, 56, EV 101.9 MPH)
|
|
Batting: LHB Ryan Trombley
|
0-0: Called Strike 0-1: Ball 1-1: Ball 2-1: Ball 3-1: Ground out 4-3 (Groundball, 4, EV 94.4 MPH)
|
| Bottom of the 3rd over - 0 runs, 0 hits, 0 errors, 0 left on base; Oklahoma City 2 - Lehigh Valley 3 |
| TOP OF THE 4TH |
|
Oklahoma City Dodgers batting - Pitching for Lehigh Valley IronPigs : RHP Wally Hoover
|
|
Batting: RHB John Manocchio
|
0-0: Swinging Strike 0-1: Called Strike 0-2: Strikes out looking
|
|
Batting: RHB John Hazen
|
0-0: Ball 1-0: Ball 2-0: Called Strike 2-1: Ground out 6-3 (Groundball, 6, EV 83.8 MPH)
|
|
Batting: RHB Justin Anastasio
|
0-0: Ball 1-0: Foul Ball, location: 2F 1-1: Fly out, F3 (Flyball, 3D, EV 86.3 MPH)
|
| Top of the 4th over - 0 runs, 0 hits, 0 errors, 0 left on base; Oklahoma City 2 - Lehigh Valley 3 |
| BOTTOM OF THE 4TH |
|
Lehigh Valley IronPigs batting - Pitching for Oklahoma City Dodgers : LHP Joel Beery
|
|
Batting: RHB Josh Hensley
|
0-0: Called Strike 0-1: Swinging Strike 0-2: Ground out 6-3 (Groundball, 6, EV 96.9 MPH)
|
|
Batting: RHB Chris Pounds
|
0-0: Ball 1-0: Foul Ball, location: 2F 1-1: Ball 2-1: SINGLE (Groundball, 4MD, EV 111.3 MPH)
|
|
Batting: RHB Dan Grable
|
0-0: Foul Ball, location: 2F 0-1: Ball 1-1: Ball 2-1: Foul Ball, location: 2F 2-2: Reached on error, E1 (Groundball, 15S, EV 77.5 MPH) Chris Pounds to second
|
|
Batting: SHB Cesar Arteaga
|
0-0: Fielders Choice at 2nd, 5-4 (Groundball, 56, EV 93.8 MPH) Chris Pounds to third
|
|
Batting: LHB Tyler Allen
|
0-0: Ball 1-0: Ball 2-0: SINGLE (Groundball, 4M, EV 106.3 MPH) (infield hit) Chris Pounds scores Cesar Arteaga to second
|
|
Batting: RHB Aaron Burress
|
0-0: Ball 1-0: SINGLE (Groundball, 5S, EV 73.1 MPH) (infield hit) Cesar Arteaga to third Tyler Allen to second
|
|
Batting: RHB Nick Beggs
|
0-0: Swinging Strike 0-1: Ball 1-1: Ground out 4-3 (Groundball, 34, EV 107.5 MPH)
|
| Bottom of the 4th over - 1 run, 3 hits, 1 error, 3 left on base; Oklahoma City 2 - Lehigh Valley 4 |
| TOP OF THE 5TH |
|
Oklahoma City Dodgers batting - Pitching for Lehigh Valley IronPigs : RHP Wally Hoover
|
|
Batting: RHB Armando Galindo
|
0-0: Ground out 5-3 (Groundball, 5, EV 106.9 MPH)
|
|
Batting: RHB Tim Adams
|
0-0: Called Strike 0-1: Hit by Pitch
|
|
Batting: RHB Matt Robert
|
0-0: Called Strike 0-1: Swinging Strike 0-2: Ball 1-2: Ball 2-2: Ball 3-2: Strikes out swinging
|
|
Batting: RHB Nate Taylor
|
0-0: Ball 1-0: Called Strike 1-1: Ball 2-1: 2-RUN HOME RUN (Flyball, 78XD, EV 100.0 MPH), Distance : 415 ft
|
|
Batting: LHB Alex Ramos
|
0-0: Foul Ball, location: 2F 0-1: Fly out, F7 (Flyball, 78S, EV 87.5 MPH)
|
| Top of the 5th over - 2 runs, 1 hit, 0 errors, 0 left on base; Oklahoma City 4 - Lehigh Valley 4 |
| BOTTOM OF THE 5TH |
|
Lehigh Valley IronPigs batting - Pitching for Oklahoma City Dodgers : LHP Joel Beery
|
|
Batting: RHB Matt Sanders
|
0-0: Ball 1-0: SINGLE (Groundball, 4MS, EV 63.8 MPH) (infield hit)
|
|
Batting: LHB Ryan Trombley
|
0-0: Ball 1-0: Ball 2-0: Called Strike 2-1: Fielders Choice at 2nd, 3-6 (Groundball, 34, EV 104.4 MPH)
|
|
Batting: RHB Josh Hensley
|
0-0: Grounds into double play, 4-6-3 (Groundball, 4, EV 84.4 MPH)
|
| Bottom of the 5th over - 0 runs, 1 hit, 0 errors, 0 left on base; Oklahoma City 4 - Lehigh Valley 4 |
| TOP OF THE 6TH |
|
Oklahoma City Dodgers batting - Pitching for Lehigh Valley IronPigs : RHP Wally Hoover
|
|
Batting: LHB James Betron
|
0-0: Ball 1-0: Ball 2-0: Foul Ball, location: 2F 2-1: Foul Ball, location: 2F 2-2: SOLO HOME RUN (Flyball, 9LD, EV 95.6 MPH), Distance : 355 ft
|
|
Pitching: RHP Clarros Pedrogo
|
|
|
Batting: RHB John Manocchio
|
0-0: Called Strike 0-1: Ball 1-1: SINGLE (Flyball, 34D, EV 88.1 MPH)
|
|
Batting: RHB John Hazen
|
0-0: Ball 1-0: Ball 2-0: Called Strike 2-1: Fly out, F9 (Flyball, 89D, EV 85.0 MPH)
|
|
Batting: RHB Justin Anastasio
|
0-0: Ball 1-0: Called Strike 1-1: Ball 2-1: Swinging Strike 2-2: Ball 3-2: Strikes out swinging
|
|
Batting: RHB Armando Galindo
|
0-0: Ball 1-0: Swinging Strike 1-1: Ball 2-1: Ball 3-1: Foul Ball, location: 2F 3-2: Foul Ball, location: 2F 3-2: Foul Ball, location: 2F 3-2: Fly out, F4 (Popup, 3D, EV 57.5 MPH)
|
| Top of the 6th over - 1 run, 2 hits, 0 errors, 1 left on base; Oklahoma City 5 - Lehigh Valley 4 |
| BOTTOM OF THE 6TH |
|
Lehigh Valley IronPigs batting - Pitching for Oklahoma City Dodgers : LHP Joel Beery
|
|
Batting: RHB Chris Pounds
|
0-0: Called Strike 0-1: Ball 1-1: Ball 2-1: Foul Ball, location: 2F 2-2: Strikes out swinging
|
|
Pitching: LHP Billy Nash
|
|
|
Batting: RHB Dan Grable
|
0-0: Ball 1-0: Called Strike 1-1: Swinging Strike 1-2: Strikes out swinging
|
|
Batting: SHB Cesar Arteaga
|
0-0: Called Strike 0-1: Ball 1-1: Ground out 4-3 (Groundball, 4, EV 83.8 MPH)
|
| Bottom of the 6th over - 0 runs, 0 hits, 0 errors, 0 left on base; Oklahoma City 5 - Lehigh Valley 4 |
| TOP OF THE 7TH |
|
Oklahoma City Dodgers batting - Pitching for Lehigh Valley IronPigs : RHP Clarros Pedrogo
|
|
Batting: RHB Tim Adams
|
0-0: Called Strike 0-1: Ground out 6-3 (Groundball, 6, EV 78.1 MPH)
|
|
Batting: RHB Matt Robert
|
0-0: Ball 1-0: Called Strike 1-1: Ball 2-1: Called Strike 2-2: SINGLE (Line Drive, 5D, EV 95.0 MPH)
|
|
Batting: RHB Nate Taylor
|
0-0: Ball Pickoff Throw by Catcher to First - Error! E2 Matt Robert to second 1-0: Called Strike 1-1: Ball 2-1: Ground out 6-3 (Groundball, 56, EV 83.8 MPH)
|
|
Batting: LHB Alex Ramos
|
0-0: Ball 1-0: Called Strike 1-1: Ball 2-1: Swinging Strike 2-2: Ball 3-2: Foul Ball, location: 2F 3-2: Strikes out swinging
|
| Top of the 7th over - 0 runs, 1 hit, 1 error, 1 left on base; Oklahoma City 5 - Lehigh Valley 4 |
| BOTTOM OF THE 7TH |
|
Lehigh Valley IronPigs batting - Pitching for Oklahoma City Dodgers : LHP Billy Nash
|
|
Pinch Hitting: RHB Julian Nijhuis
|
0-0: Called Strike 0-1: Foul Ball, location: 2F 0-2: Ball 1-2: Ground out 6-3 (Groundball, 6, EV 103.1 MPH)
|
|
Batting: RHB Aaron Burress
|
0-0: Swinging Strike 0-1: Swinging Strike 0-2: Strikes out swinging
|
|
Batting: RHB Nick Beggs
|
0-0: Called Strike 0-1: Foul Ball, location: 2F 0-2: Ball 1-2: Strikes out swinging
|
| Bottom of the 7th over - 0 runs, 0 hits, 0 errors, 0 left on base; Oklahoma City 5 - Lehigh Valley 4 |
| TOP OF THE 8TH |
|
Oklahoma City Dodgers batting - Pitching for Lehigh Valley IronPigs : RHP Clarros Pedrogo
|
|
Pitching: LHP Chad Persaud
|
|
|
Now in LF: Julian Nijhuis
|
|
|
Batting: LHB James Betron
|
0-0: Called Strike 0-1: Swinging Strike 0-2: Ball 1-2: Ball 2-2: Ground out 4-3 (Groundball, 4, EV 80.6 MPH)
|
|
Batting: RHB John Manocchio
|
0-0: Ball 1-0: Ball 2-0: Ball 3-0: Called Strike 3-1: Ground out U3 (Groundball, 34, EV 85.0 MPH)
|
|
Batting: RHB John Hazen
|
0-0: Ball 1-0: Called Strike 1-1: Ball 2-1: Ball 3-1: Fly out, F7 (Flyball, 7LM, EV 84.4 MPH)
|
| Top of the 8th over - 0 runs, 0 hits, 0 errors, 0 left on base; Oklahoma City 5 - Lehigh Valley 4 |
| BOTTOM OF THE 8TH |
|
Lehigh Valley IronPigs batting - Pitching for Oklahoma City Dodgers : LHP Billy Nash
|
|
Pitching: RHP Ludo Argo
|
|
|
Batting: RHB Matt Sanders
|
0-0: Swinging Strike 0-1: Called Strike 0-2: Ball 1-2: Strikes out swinging
|
|
Batting: LHB Ryan Trombley
|
0-0: Ball 1-0: Swinging Strike 1-1: Ball 2-1: Ball 3-1: Base on Balls
|
|
Batting: RHB Josh Hensley
|
0-0: Ball 1-0: Ball 2-0: Ball 3-0: Called Strike 3-1: Foul Ball, location: 2F 3-2: Strikes out swinging
|
|
Pitching: LHP Alfonso Guillen
|
|
|
Batting: RHB Chris Pounds
|
0-0: Ball 1-0: Fielders Choice at 2nd, 6-4 (Groundball, 6, EV 76.9 MPH)
|
| Bottom of the 8th over - 0 runs, 0 hits, 0 errors, 1 left on base; Oklahoma City 5 - Lehigh Valley 4 |
| TOP OF THE 9TH |
|
Oklahoma City Dodgers batting - Pitching for Lehigh Valley IronPigs : LHP Chad Persaud
|
|
Batting: RHB Justin Anastasio
|
0-0: Ball 1-0: Foul Ball, location: 2F 1-1: Ball 2-1: Swinging Strike 2-2: Ball 3-2: Strikes out looking
|
|
Batting: RHB Armando Galindo
|
0-0: Foul Ball, location: 2F 0-1: Swinging Strike 0-2: Strikes out looking
|
|
Batting: RHB Tim Adams
|
0-0: Ball 1-0: Fly out, F1 (Popup, 13, EV 73.1 MPH)
|
| Top of the 9th over - 0 runs, 0 hits, 0 errors, 0 left on base; Oklahoma City 5 - Lehigh Valley 4 |
| BOTTOM OF THE 9TH |
|
Lehigh Valley IronPigs batting - Pitching for Oklahoma City Dodgers : LHP Alfonso Guillen
|
|
Batting: RHB Dan Grable
|
0-0: SINGLE (Groundball, 4D, EV 93.8 MPH)
|
|
Batting: SHB Cesar Arteaga
|
0-0: Ball 1-0: Ball 2-0: Ball 3-0: Called Strike 3-1: Foul Ball, location: 2F 3-2: Foul Ball, location: 2F 3-2: Foul Ball, location: 2F 3-2: Foul Ball, location: 2F 3-2: Base on Balls Dan Grable to second
|
|
Batting: RHB Julian Nijhuis
|
0-0: Called Strike 0-1: Ground out 5-3 (Groundball, 25, EV 69.4 MPH) Dan Grable to third Cesar Arteaga to second
|
|
Batting: RHB Aaron Burress
|
0-0: Ball 1-0: DOUBLE (Groundball, 5D, EV 94.4 MPH) Dan Grable scores Cesar Arteaga scores
|
| Bottom of the 9th over - 2 runs, 2 hits, 0 errors, 0 left on base; Oklahoma City 5 - Lehigh Valley 6 |
| |
|
Game Over ... Lehigh Valley defeats Oklahoma City, 6 to 5
|
|
|